 Dungeon Crawl Stone Soup version 0.23.1-37-gaa34b87 (webtiles) character file.

Game seed: 14208274039164810328

103 Irenicus the Digger (level 4, -5/36 HPs)
             Began as a Deep Dwarf Earth Elementalist on Mar 23, 2019.
             Slain by a bullfrog (6 damage)
             ... on level 8 of the Dungeon.
             The game lasted 00:07:15 (1088 turns).

Irenicus the Digger (Deep Dwarf Earth Elementalist) Turns: 1088, Time: 00:07:16

Health: -5/36      AC:  3    Str: 11    XL:     4   Next: 51%
Magic:  7/7        EV: 10    Int: 17    God:
Gold:   67         SH:  0    Dex: 13    Spells: 6/9 levels left

rFire    . . .     SeeInvis .   l - +2 dagger (elec)
rCold    . . .     Gourm    .   (no shield)
rNeg     . . .     Faith    .   c - +0 robe
rPois    .         Spirit   .   f - +1 hat
rElec    .         Reflect  .   (no cloak)
rCorr    +         Harm     .   (no gloves)
MR       .....                  (no boots)
Stlth    ++........             (no amulet)
HPRegen  0.00/turn              e - -2 ring of evasion (curse)
MPRegen  0.10/turn              a - ring of resist corrosion

@: non-regenerating
A: damage resistance, heal wounds, sense surroundings 1, no regeneration
a: Heal Wounds


You were on level 8 of the Dungeon.
You were very hungry.

You visited 1 branch of the dungeon, and saw 6 of its levels.

You collected 67 gold pieces.

Inventory:

Hand Weapons
 l - a +2 dagger of electrocution (weapon)
   (You took it off a goblin on level 2 of the Dungeon)
Missiles
 b - 68 stones (quivered)
Armour
 c - a +0 robe (worn)
 f - a +1 hat (worn)
   (You found it on level 1 of the Dungeon)
Jewellery
 a - a ring of resist corrosion (right hand)
   (You found it on level 2 of the Dungeon)
 e - a cursed -2 ring of evasion (left hand)
   (You found it on level 1 of the Dungeon)
 h - an uncursed ring of positive energy {rN+}
   (You found it on level 2 of the Dungeon)
 j - an uncursed ring of poison resistance {rPois, !d}
   (You found it on level 2 of the Dungeon)
Scrolls
 k - a scroll of fog
Potions
 g - 2 potions of heal wounds
 i - 2 potions of curing
Comestibles
 d - 7 rations


   Skills:
 - Level 2.1 Dodging
 - Level 2.4 Stealth
 + Level 3.1 Spellcasting
 - Level 0.8 Transmutations
 + Level 5.7 Earth Magic


You had 6 spell levels left.
You knew the following spells:

 Your Spells              Type           Power        Failure   Level  Hunger
a - Sandblast             Erth           ###...       1%          1    None
w - Passwall              Tmut/Erth      ##......     7%          2    ##.....

Your spell library contained the following spells:

 Spells                   Type           Power        Failure   Level  Hunger
 Stone Arrow              Conj/Erth      ##....       16%         3    ###....
 Petrify                  Tmut/Erth      ##......     41%         4    ####...
 Lee's Rapid Deconstruct  Erth           ###.......   41%         5    ######.


Dungeon Overview and Level Annotations

Branches:
Dungeon (5/15)
 Temple: D:4-7

Altars:
Gozag
Nemelex Xobeh
Qazlal


Innate Abilities, Weirdness & Mutations

You are resistant to damage.
You can heal yourself by infusing magical energy.
You passively map a small area around you.
You do not regenerate.


Message History

There is a stone staircase leading up here.
There is a stone staircase leading up here.
Found a stone staircase leading down.
A giant cockroach comes into view.
There is a stone staircase leading down here.
You climb downwards.
There is a stone staircase leading up here.
A giant cockroach comes into view.
MP restored: 7 The giant cockroach bites you. x2
You take 1 damage, and have 19/36 hp.
The giant cockroach bites you. The giant cockroach barely misses you.
A rock wall.
The giant cockroach bites you but does no damage.
You begin to meditate on the wall.
You continue meditating on the rock.
The giant cockroach closely misses you.
You continue meditating on the rock.
The giant cockroach barely misses you.
You continue meditating on the rock.
The giant cockroach bites you.
You finish merging with the rock.
You now have 5/7 mp.
A rock wall.
This rock feels extremely deep.
You now have 4/7 mp.
Unknown command.
You are feeling very hungry.
MP restored: 7 A giant cockroach comes into view.
The giant cockroach bites you but does no damage.
The giant cockroach bites you.
The giant cockroach bites you but does no damage.
The giant cockroach misses you.
The giant cockroach waves its antennae.
The giant cockroach bites you.
You take 1 damage, and have 18/36 hp.
The giant cockroach bites you.
The giant cockroach bites you but does no damage.
The giant cockroach completely misses you.
Okay, then.
The giant cockroach waves its antennae.
The giant cockroach bites you.
The giant cockroach bites you but does no damage.
The giant cockroach bites you but does no damage.
Found a stone staircase leading up.
The giant cockroach closely misses you.
An ooze comes into view.
The giant cockroach barely misses you.
Found a stone staircase leading up.
The giant cockroach closely misses you.
The ooze quivers.
The ooze hits you.
You take 1 damage, and have 17/36 hp.
The ooze misses you.
The giant cockroach bites you but does no damage.
The ooze hits you.
You take 2 damage, and have 15/36 hp.
The ooze hits you. The ooze barely misses you.
You hit the giant cockroach but do no damage.
The giant cockroach bites you but does no damage.
The ooze hits you.
You fall through a shaft for 3 floors!
The shaft crumbles and collapses.
A howler monkey comes into view.
The howler monkey howls!
You hear a howl!
A howler monkey comes into view. x2
The howler monkey howls!
The howler monkey hoots and howls with incredible vigour!
You hear a shout!
Found a stone staircase leading up.
The howler monkey hoots and howls with incredible vigour!
You hear a shout!
You hear a loud, deep croak!
You hear an angry hiss.
The howler monkey hits you!
* * * LOW HITPOINT WARNING * * *
You take 5 damage, and have 10/36 hp.
You closely miss the howler monkey.
The howler monkey hits you but does no damage.
The howler monkey hoots and howls with incredible vigour!
The howler monkey misses you. The howler monkey barely misses you.
You hear a shout! x2; You hear an angry growl.
A bullfrog comes into view.
The howler monkey hits you.
Found an escape hatch in the ceiling.
The howler monkey hoots and howls with incredible vigour!
You hear a shout!
The howler monkey misses you. The bullfrog hits you!
* * * LOW HITPOINT WARNING * * *
There is a stone staircase leading up, spattered with blood here.
You take 6 damage, and have 4/36 hp.
The howler monkey hits you.
* * * LOW HITPOINT WARNING * * *
The howler monkey hoots and howls with incredible vigour!
The howler monkey barely misses you.
You hear a croak.
Found a stone staircase leading down.
You take 3 damage, and have 1/36 hp.
The bullfrog hits you!
You die...

, , .# ,.# * ,* *
>.## ..#..* , *#..#
#..#.# ..##.....# ,
*#..#...[.# ,, ,, *
#........#
##........#
..###.@F......####
*
#......hh..........
####...h.<......<..
, #............#* ,
' #...........## ,
##.........### ,**
##..........#
#........(....
##............


You could see a bullfrog and 3 howler monkeys.

Vanquished Creatures
  Natasha (D:2)
  2 adders (D:3)
  A worm (D:2)
  6 dart slugs
  7 bats
  3 giant cockroaches
  7 goblins
  4 hobgoblins
  3 jackals (D:3)
  4 frilled lizards
  4 kobolds
  5 rats
47 creatures vanquished.

Notes
Turn   | Place    | Note
-------+----------+-------------------------------------------
     0 | D:1      | Irenicus the Deep Dwarf Earth Elementalist began the quest
                  | for the Orb.
     0 | D:1      | Reached XP level 1. HP: 15/15 MP: 3/3
   132 | D:1      | Reached skill level 2 in Spellcasting
   155 | D:1      | Reached XP level 2. HP: 16/22 MP: 0/5
   471 | D:2      | Reached XP level 3. HP: 14/28 MP: 2/6
   495 | D:2      | Reached skill level 5 in Earth Magic
   643 | D:2      | Found an opulent altar of Gozag.
   643 | D:2      | Noticed Natasha
   648 | D:2      | Killed Natasha
   654 | D:2      | Reached XP level 4. HP: 11/36 MP: 2/8
   771 | D:3      | Reached skill level 3 in Spellcasting
   820 | D:3      | HP: 6/36 [adder (4)]
   830 | D:3      | Learned a level 2 spell: Passwall
   836 | D:3      | Noticed a water elemental
   838 | D:3      | HP: 5/36 [goblin/stone (1)]
   841 | D:3      | Found a stormy altar of Qazlal.
   850 | D:3      | Noticed an earth elemental
   853 | D:3      | Noticed a fire elemental
   853 | D:3      | Noticed an air elemental
   898 | D:3      | Found a sparkling altar of Nemelex Xobeh.
   959 | D:5      | Entered Level 5 of the Dungeon
  1071 | D:5      | You fall through a shaft for 3 floors!
  1082 | D:8      | Noticed a bullfrog
  1086 | D:8      | HP: 4/36 [bullfrog (6)]
  1087 | D:8      | HP: 1/36 [howler monkey (3)]
  1088 | D:8      | Slain by a bullfrog

Skill      XL: |  1  2  3  4 |
---------------+-------------+-----
Spellcasting   | 2 3 |  3.1
Earth Magic    | 5 |  5.7
Dodging        | |  2.1
Stealth        | |  2.4
Transmutations | |  0.8

Action                   |  1- 3 |  4- 6 || total
-------------------------+-------+-------++-------
Melee: Whip              |    59 |       ||    59
       Dagger            |     4 |     9 ||    13
 Cast: Sandblast         |    37 |    20 ||    57
       Passwall          |       |     4 ||     4
 Abil: Heal Wounds       |       |     1 ||     1
  Use: Scroll            |     2 |     2 ||     4
 Stab: Sleeping          |       |     1 ||     1
Armor: Robe              |    41 |    17 ||    58
Dodge: Dodged            |    55 |    27 ||    82

Levels and vault maps discovered:
D:1:      lightli_arrival_maybe_door_vault, layout_basic, minmay_misc_feat_iff,
          minmay_tromino_v7
D:2:      layout_rooms, nicolae_overflow_crystal_walls, lemuel_round_altar,
          serial_glass, glass_columns_a, glass_columns_a, uniq_natasha
D:3:      layout_basic, nicolae_qazlal_style_of_elements,
          nemelex_xobeh_ov_fountains_minmay, first_ration
D:4:      layout_loops_cross, nicolae_overflow_quartered_altars,
          gup_sewer_entry_bowl, minmay_quadrilaterals
D:5:      layout_layer_cave, nicolae_dithmenos_the_darkroom,
          minmay_temple_entry_glassed_door, serial_shops, shop
D:8:      layout_layer_cave, lightli_orcish_oven

Table legend:
 A = Turns spent in this place as a percentage of turns spent in the entire game.
 B = Non-inter-level travel turns spent in this place as a percentage of non-inter-level travel turns spent in the entire game.
 C = Inter-level travel turns spent in this place as a percentage of turns spent in this place.
 D = Turns resting spent in this place as a percentage of non-inter-level travel turns spent in this place.
 E = Turns spent auto-exploring this place as a percentage of non-inter-level travel turns spent in this place.
 F = Non-inter-level travel turns spent in this place divided by the number of levels of this place that you've seen.
                   A       B       C       D       E      F
               +-------+-------+-------+-------+-------+----------------------
         Total | 100.0 | 100.0 |   0.0 |   0.0 |   0.0 | 181.3
       Dungeon | 100.0 | 100.0 |   0.0 |   0.0 |   0.0 | 181.3
               +-------+-------+-------+-------+-------+----------------------

Table legend:
 A = Kills in this place as a percentage of kills in entire the game.
 B = Kills by you in this place as a percentage of kills by you in the entire game.
 C = Kills by friends in this place as a percentage of kills by friends in the entire game.
 D = Other kills in this place as a percentage of other kills in the entire game.
 E = Experience gained in this place as a percentage of experience gained in the entire game.
 F = Experience gained in this place divided by the number of levels of this place that you have seen.
                   A       B       C       D       E      F
               +-------+-------+-------+-------+-------+----------------------
         Total | 100.0 | 100.0 |   N/A |   N/A | 100.0 |  24.7
       Dungeon | 100.0 | 100.0 |   N/A |   N/A | 100.0 |  24.7
               +-------+-------+-------+-------+-------+----------------------
